 Dungeon Crawl Stone Soup version 0.19.0-11-g3fc08b3 (webtiles) character file.

1876 JeffiDaFish the Cudgeler (level 9, -6/55 HPs)
             Began as a Gargoyle Fighter on Nov 9, 2016.
             Was an Initiate of Makhleb.
             Mangled by a gnoll sergeant
             ... wielding a +0 bardiche
              (13 damage)
             ... in a bailey.
             The game lasted 00:15:40 (6473 turns).

JeffiDaFish the Cudgeler (Gargoyle Fighter)         Turns: 6473, Time: 00:15:42

Health: -6/55      AC: 19    Str: 25    XL:     9   Next: 14%
Magic:  9/9        EV:  8    Int:  8    God:    Makhleb [......]
Gold:   288        SH:  0    Dex: 10    Spells: 0 memorised, 8 levels left

rFire  + . .     SeeInvis .     t - +0 great mace
rCold  x . .     Gourm    .     y - +0 plate armour
rNeg   + . .     Faith    .     (shield currently unavailable)
rPois  ∞         Spirit   .     (no helmet)
rElec  +         Reflect  .     (no cloak)
rCorr  .         Harm     .     (no gloves)
MR     .....                    x - +0 pair of boots
Stlth  ..........               p - amulet of rage
                                s - +2 ring of strength
                                q - ring of fire

@: no status effects
A: negative energy resistance 1, electricity resistance, unbreathing,
petrification resistance, rot immunity, AC +5
a: Renounce Religion, Evoke Berserk Rage


You were in a bailey.
You worshipped Makhleb.
Makhleb was noncommittal.
You were not hungry.

You visited 1 branch of the dungeon, and saw 7 of its levels.
You also visited: Sewer and Bailey.

You collected 288 gold pieces.

Inventory:

Hand Weapons
 t - a +0 great mace (weapon)
Armour
 x - a +0 pair of boots (worn)
 y - a +0 plate armour (worn)
Jewellery
 p - an amulet of rage (around neck)
 q - a ring of fire (left hand)
 s - a +2 ring of strength (right hand)
Wands
 c - a wand of slowing (8/48)
Scrolls
 e - 8 scrolls of teleportation
 g - 2 scrolls of magic mapping
 r - 2 scrolls of identify
 u - a scroll of remove curse
Potions
 d - 3 potions of might
 j - 7 potions of curing
 l - 3 potions of agility
 m - 3 potions of brilliance
 n - 3 potions of heal wounds
 o - a potion of flight
Comestibles
 a - 3 fruits
 b - 2 chunks of flesh
 f - 2 slices of pizza
 h - a beef jerky
 i - 6 bread rations
 k - 3 meat rations


   Skills:
 + Level 6.0 Fighting
 + Level 7.7 Maces & Flails
 + Level 6.0 Armour
 + Level 2.6 Dodging
 + Level 1.2 Stealth
   Level 6.1 Shields


You had 8 spell levels left.
You didn't know any spells.

Dungeon Overview and Level Annotations

Branches:
Dungeon (7/15)             Temple (0/1) D:6

Altars:
Fedhas
Makhleb
Sif Muna
Yredelemnul


Innate Abilities, Weirdness & Mutations

You are resistant to torment.
Your stone body is resilient. (AC +5)
You are immune to poison.
You resist negative energy. (rN+)
You are resistant to electric shocks. (rElec)
You can survive without breathing.
You are immune to petrification.
You are immune to rotting.


Message History

You are too injured to fight recklessly!
Unknown command.
You are too injured to fight recklessly!
You are too injured to fight recklessly!
You hit the gnoll sergeant.
The gnoll sergeant is almost dead.
The gnoll sergeant hits you from afar with a bardiche.
* * * LOW HITPOINT WARNING * * *
The gnoll sergeant barely misses you.
The gnoll shaman calls upon its god to heal the gnoll sergeant.
The gnoll sergeant is healed somewhat.
The gnoll shaman hits you but does no damage.
You sock the gnoll sergeant!
You kill the gnoll sergeant!
Makhleb accepts your kill.
Your Fighting skill increases to level 6!
Your Armour skill increases to level 6!
The gnoll shaman hits you but does no damage.
The gnoll sergeant hits you from afar with a bardiche!
You die...

................
≈...............
≈≈≈≈≈≈≈)..≈≈≈≈≈≈
♣.......).......
♣♣♣.....g.....♣♣
♣♣..gggg.♣♣♣♣
♣♣♣♣ggg♣♣ ♣♣)♣♣
♣@♣ ♣∩♣ ###


You could see a gnoll sergeant, 2 gnoll shamans and 5 gnolls.

Vanquished Creatures
  Prince Ribbit (D:5)
  An ice beast (D:7)
  3 big kobolds (Sewer)
  A gnoll sergeant (Bailey)
  4 bullfrogs
  2 scorpions
  3 crimson imps
  2 jellies
  4 hounds
  Crazy Yiuf (D:3)
  A bullfrog skeleton (D:5)
  A centaur skeleton (D:4)
  An orc wizard (D:4)
  Ijyb (D:3)
  2 iguanas
  7 worker ants
  A worker ant zombie (D:4)
  3 gnolls (Bailey)
  12 adders
  2 river rats (Sewer)
  A shadow imp (D:5)
  An adder zombie (D:5)
  6 oozes
  A worm (D:2)
  2 leopard geckos
  7 orcs
  7 giant cockroaches
  13 hobgoblins
  5 jackals
  5 quokkas
  4 ball pythons
  6 bats
  8 frilled lizards
  11 goblins
  18 kobolds
  A quokka skeleton (D:6)
  26 rats
175 creatures vanquished.

Notes
Turn   | Place    | Note
-------+----------+-------------------------------------------
     0 | D:1      | JeffiDaFish the Gargoyle Fighter began the quest for the Orb.
     0 | D:1      | Reached XP level 1. HP: 14/14 MP: 1/1
    39 | D:1      | Reached XP level 2. HP: 14/19 MP: 2/2
   511 | D:1      | Reached XP level 3. HP: 24/24 MP: 3/3
  1005 | D:2      | Reached XP level 4. HP: 29/29 MP: 4/4
  1193 | D:2      | Reached skill level 3 in Maces & Flails
  1652 | D:3      | Found a glowing drain.
  1680 | D:3      | Reached XP level 5. HP: 22/33 MP: 5/5
  1711 | Sewer    | Entered a sewer
  1756 | Sewer    | Noticed a big kobold
  1777 | Sewer    | Killed a big kobold
  1782 | Sewer    | Reached skill level 1 in Dodging
  1916 | Sewer    | Reached XP level 6. HP: 36/38 MP: 6/6
  1987 | Sewer    | Reached skill level 5 in Shields
  2117 | Sewer    | Reached skill level 4 in Maces & Flails
  2590 | D:3      | Found a runed door.
  2594 | D:3      | Noticed Crazy Yiuf
  2608 | D:3      | Paralysed by Crazy Yiuf for 6 turns
  2618 | D:3      | Killed Crazy Yiuf
  2618 | D:3      | Reached XP level 7. HP: 21/43 MP: 7/7
  2841 | D:3      | Found a deep blue altar of Sif Muna.
  2931 | D:3      | Noticed Ijyb
  2944 | D:3      | Killed Ijyb
  3043 | D:3      | Found a blossoming altar of Fedhas.
  4136 | D:4      | Reached skill level 1 in Stealth
  4826 | D:5      | Entered Level 5 of the Dungeon
  4837 | D:5      | Reached skill level 5 in Maces & Flails
  4860 | D:5      | Reached XP level 8. HP: 43/48 MP: 8/8
  5059 | D:5      | Reached skill level 5 in Fighting
  5151 | D:5      | Noticed Prince Ribbit
  5162 | D:5      | Killed Prince Ribbit
  5162 | D:5      | Reached skill level 6 in Maces & Flails
  5162 | D:5      | Reached skill level 5 in Armour
  5593 | D:6      | Found a staircase to the Ecumenical Temple.
  6133 | D:7      | Found a burning altar of Makhleb.
  6146 | D:7      | Found a basalt altar of Yredelemnul.
  6149 | D:7      | Became a worshipper of Makhleb the Destroyer
  6195 | D:7      | Found a flagged portal.
  6210 | D:7      | Reached skill level 7 in Maces & Flails
  6399 | D:7      | Reached XP level 9. HP: 52/55 MP: 9/9
  6410 | Bailey   | Entered a bailey
  6473 | Bailey   | Mangled by a gnoll sergeant

Skill      XL: |  1  2  3  4  5  6  7  8  9 |
---------------+----------------------------+-----
Shields        | 4 5 6 |  6.1
Maces & Flails | 3 4 5 7 |  7.7
Fighting       | 4 5 6 |  6.0
Dodging        | 1 2 |  2.6
Armour         | 4 5 6 |  6.0
Stealth        | 1 |  1.2

Action                   |  1- 3 |  4- 6 |  7- 9 || total
-------------------------+-------+-------+-------++-------
Melee: Flail             |    94 |   329 |   153 ||   576
       Great mace        |       |       |   191 ||   191
  Use: Potion            |     5 |     3 |     4 ||    12
       Scroll            |     4 |     3 |     4 ||    11
 Stab: Invisible         |       |     2 |       ||     2
  Eat: Chunk             |     1 |     5 |    10 ||    16
       Bread ration      |       |       |     1 ||     1
Armor: Scale mail        |    62 |   213 |    97 ||   372
       Plate armour      |       |       |   208 ||   208
Dodge: Dodged            |    39 |   145 |   188 ||   372
Block: Shield            |    58 |   227 |    90 ||   375
